 Dungeon Crawl Stone Soup version 0.30.1-11-g7821555f0a (webtiles) character file.

Game seed: 10910196269452615258

19 comborobin the Sneak (level 2, 0/19 HPs)
             Began as a Tengu Delver on Dec 4, 2023.
             Shot with an arrow by a centaur (10 damage)
             ... on level 5 of the Dungeon.
             The game lasted 00:01:14 (603 turns).

comborobin the Sneak (Tengu Delver)                  Turns: 603, Time: 00:01:15

Health: 0/19       AC:  3    Str: 12    XL:     2   Next: 75%
Magic:  3/3        EV: 12    Int: 10    God:
Gold:   9          SH:  0    Dex: 15    Spells: 1/1 levels left

rFire   . . .        a - +0 falchion
rCold   . . .        (no shield)
rNeg    . . .        b - +0 leather armour
rPois   .            (helmet restricted)
rElec   .            (no cloak)
rCorr   .            (no gloves)
SInv    .            (boots unavailable)
Will    .....        (no amulet)
Stlth   +++          (no ring)
HPRegen 0.23/turn    (no ring)
MPRegen 0.08/turn

%: no passive effects
@: no status effects
A: beak, talons 3
a: no special abilities


You were on level 5 of the Dungeon.
You visited 1 branch of the dungeon, and saw 3 of its levels.

You collected 9 gold pieces.

Inventory:

Hand Weapons
 a - a +0 falchion (weapon)
Armour
 b - a +0 leather armour (worn)
Scrolls
 c - a scroll of fog
 d - a scroll of magic mapping


   Skills:
 - Level 3.0 Fighting
 + Level 3.5 Long Blades
 - Level 2.1 Dodging
 - Level 5.0 Stealth


You had one spell level left.
You didn't know any spells.
Your spell library was empty.

Dungeon Overview and Level Annotations

Branches:
Dungeon (7/15)
 Temple: D:4-7

Altars:

Annotations:
D:5 exclusions: centaur, ice beast and 1 more exclusion


Innate Abilities, Weirdness & Mutations

You have a beak for a mouth.
You have claws for feet.


Message History

There is a stone staircase leading down here.
A centaur comes into view.
A centaur is nearby!
A quokka comes into view.
Found a leather armour and a ring mail.
It was a potion of magic.
Magic courses through your body.
There's nothing to close nearby.
Unknown command.
Aiming: Dig
Press: ? - help, Shift-Dir - straight line A rock wall.
The rock shatters into small pieces.
Unknown command.
Aiming: Dig
Press: ? - help, Shift-Dir - straight line A rock wall.
The rock shatters into small pieces.
Unknown command.
Aiming: Dig
Press: ? - help, Shift-Dir - straight line A rock wall.
Okay, then.
Press: ? - help, . - travel You can't see that place. [a rock wall.]
Okay, then.
Unknown command.
Aiming: Dig
Press: ? - help, Shift-Dir - straight line You can't see that place.
The rock shatters into small pieces.
The now-empty wand crumbles to dust.
The centaur shouts!
The centaur wields a +0 shortbow.
The centaur shoots an arrow.
The arrow hits you!
Ouch! That really hurt!
You start resting.
A centaur is nearby!
The centaur shoots an arrow.
The arrow hits you!
Ouch! That really hurt!
You die...

##### #...##
#....##################
#......................
####..#############.##.
##..# #.##. #####@#
#.##. #.....# #.###
...####c### #.#
#.......# #####.#
#c$.....## #.....###
#..r.....#####.#......
#......#.........#####
#[.....#######..##
#[.....# #>##


You could see a centaur and a quokka (wandering).

Vanquished Creatures
  An adder (D:5)
  A white imp (D:5)
  A worm (D:5)
3 creatures vanquished.

Notes
Turn   | Place    | Note
-------+----------+-------------------------------------------
     0 | D:5      | comborobin the Tengu Delver began the quest for the Orb.
     0 | D:5      | Reached XP level 1. HP: 14/14 MP: 2/2
    23 | D:5      | Reached XP level 2. HP: 17/19 MP: 3/3
   299 | D:7      | Noticed an orc warrior
   512 | D:5      | Noticed an ice beast
   549 | D:5      | Noticed a centaur
   603 | D:5      | Shot with an arrow by a centaur

Illustrated notes

Levels and vault maps discovered:
D:5:      layout_basic, lemuel_coloured_pillars_altar, roderic_serpentine_path,
          kennysheep_generic_room_5, uniq_pikel
D:6:      layout_gridville, mainiacjoe_overflow_alcove_1,
          chequers_serial_rivers_small_3
D:7:      layout_rooms, zin_academy, gammafunk_ghost_arena, serial_corexii_hall,
          corexii_hall_statues_u, corexii_hall_statues_i,
          corexii_hall_statues_i, corexii_hall_statues_x, sigmund_army

Skill      XL: |  1 |
---------------+----+-----
Long Blades    | 3 |  3.5
Fighting       | |  3.0
Dodging        | |  2.1
Stealth        | |  5.0

Action                     || total
---------------------------++-------
  Melee: Falchion          ||    13
         Kick              ||     8
  Evoke: Wand              ||     3
    Use: Scroll            ||     3
         Potion            ||     2
   Stab: Sleeping          ||     1
 Armour: Leather armour    ||     2
  Dodge: Dodged            ||     8
